[ AOE2 MATCH · #485751692 ]
UnrankedWu vs Shu
Player's team · LOSS
Rival team · WIN
[ REPLAY ANALYSIS · EXTRACTED FROM THE RECORDED GAME ]
Feudal
—
Castle
—
Imperial
—
| APM avg | 94.5 |
| APM peak | 151 |
| eAPM avg | 59.7 |
| Villagers / military | 163 / 63 |
Focus
⚔️ 67.6% · 🌾 32.4%
Militia ×38 · Unknown (1944) ×29 · Unknown (1968) ×24 · Archer ×22 · Battering Ram ×3
Feudal
10:47
Castle
23:02
Imperial
44:19
| APM avg | 45.0 |
| APM peak | 96 |
| eAPM avg | 25.7 |
| Villagers / military | 133 / 41 |
Focus
⚔️ 39.9% · 🌾 60.1%
Unknown (1959) ×83 · Archer ×23 · Skirmisher ×10 · Unknown (1942) ×4 · Militia ×3 · Monk ×2
Match map
Initial resources + every placement click. Lines = walls · curves = elevation contours. ◆ gold · ⬟ stone · ● berries · ✦ relic · ◌ wall gap
Your base· ✓ Closed at 17:25 · 73t walls · no gate
[bK] milho's base· ✓ Closed at 23:02 · 23t walls · 2 gate(s)
Smoothed initial terrain · ◌ = detected wall gap · hover for details
Inputs per minute
— Saturno 1343 - - [bK] milho
Build order — Saturno 1343
First 150 of 475 actions detected
| 0:00 | Queue | Villager (Male) |
| 0:00 | Queue | Villager (Male) |
| 0:01 | Build | House |
| 0:02 | Build | House |
| 0:06 | Queue | Villager (Male) |
| 0:08 | Queue | Villager (Male) |
| 1:04 | Queue | Villager (Male) |
| 1:40 | Queue | Villager (Male) |
| 2:03 | Build | Lumber Camp |
| 2:10 | Queue | Villager (Male) |
| 2:43 | Queue | Villager (Male) |
| 2:59 | Queue | Villager (Male) |
| 3:36 | Queue | Villager (Male) |
| 3:36 | Queue | Villager (Male) |
| 3:45 | Queue | Villager (Male) |
| 3:46 | Queue | Villager (Male) |
| 3:50 | Build | House |
| 4:25 | Queue | Villager (Male) |
| 4:34 | Queue | Villager (Male) |
| 4:44 | Queue | Villager (Male) |
| 5:07 | Queue | Villager (Male) |
| 5:23 | Queue | Villager (Male) |
| 5:29 | Build | Barracks |
| 5:33 | Queue | Villager (Male) |
| 5:52 | Build | House |
| 6:20 | Research | Loom |
| 6:52 | Build | Palisade Wall |
| 6:57 | Build | Palisade Wall |
| 7:02 | Queue | Villager (Male) |
| 7:20 | Queue | Villager (Male) |
| 7:26 | Queue | Villager (Male) |
| 7:28 | Queue | Militia |
| 7:30 | Queue | Militia |
| 7:40 | Queue | Villager (Male) |
| 7:42 | Queue | Villager (Male) |
| 7:45 | Queue | Villager (Male) |
| 7:51 | Queue | Militia |
| 7:57 | Queue | Villager (Male) |
| 8:06 | Build | House |
| 8:18 | Queue | Villager (Male) |
| 8:27 | Build | Mill |
| 8:46 | Queue | Villager (Male) |
| 9:11 | Research | Feudal Age |
| 9:11 | Research | Feudal Age |
| 10:03 | Build | Farm |
| 10:04 | Build | Farm |
| 10:09 | Queue | Militia |
| 10:13 | Build | Mining Camp |
| 10:19 | Queue | Villager (Male) |
| 10:29 | Queue | Villager (Male) |
| 10:55 | Build | Farm |
| 10:55 | Queue | Villager (Male) |
| 11:10 | Queue | Villager (Male) |
| 11:24 | Research | Man-at-Arms (upgrade) |
| 11:25 | Research | Man-at-Arms (upgrade) |
| 11:28 | Research | Double-Bit Axe |
| 11:49 | Research | Arson |
| 12:09 | Build | Archery Range |
| 12:12 | Build | House |
| 12:16 | Queue | Villager (Male) |
| 12:18 | Build | Farm |
| 12:22 | Queue | Villager (Male) |
| 12:36 | Queue | Villager (Male) |
| 12:48 | Build | Farm |
| 13:03 | Build | Farm |
| 13:05 | Build | Farm |
| 13:05 | Queue | Villager (Male) |
| 13:13 | Queue | Villager (Male) |
| 13:16 | Queue | Villager (Male) |
| 13:29 | Build | Farm |
| 13:38 | Queue | Villager (Male) |
| 13:43 | Queue | Villager (Male) |
| 13:47 | Build | Farm |
| 13:50 | Queue | Villager (Male) |
| 14:10 | Queue | Villager (Male) |
| 14:10 | Queue | Archer |
| 14:13 | Build | House |
| 14:15 | Queue | Villager (Male) |
| 14:20 | Build | House |
| 14:24 | Build | Palisade Wall |
| 14:26 | Build | House |
| 14:30 | Queue | Villager (Male) |
| 14:34 | Build | House |
| 14:37 | Build | Palisade Wall |
| 14:39 | Build | House |
| 14:42 | Queue | Villager (Male) |
| 14:45 | Build | Palisade Wall |
| 14:47 | Build | Palisade Wall |
| 15:02 | Build | Farm |
| 15:02 | Queue | Villager (Male) |
| 15:05 | Queue | Villager (Male) |
| 15:12 | Build | Palisade Wall |
| 15:12 | Queue | Villager (Male) |
| 15:23 | Queue | Villager (Male) |
| 15:27 | Build | House |
| 15:29 | Build | Palisade Wall |
| 15:37 | Build | Farm |
| 15:41 | Queue | Villager (Male) |
| 15:44 | Build | Farm |
| 15:45 | Queue | Villager (Male) |
| 15:52 | Build | Palisade Wall |
| 15:54 | Queue | Villager (Male) |
| 15:57 | Build | Palisade Wall |
| 16:24 | Build | Palisade Wall |
| 16:49 | Queue | Villager (Male) |
| 16:51 | Queue | Villager (Male) |
| 16:54 | Build | Blacksmith |
| 16:56 | Queue | Villager (Male) |
| 17:25 | Research | Castle Age |
| 17:30 | Build | Palisade Wall |
| 17:47 | Build | Lumber Camp |
| 17:48 | Queue | Villager (Male) |
| 17:52 | Build | Farm |
| 17:52 | Build | Farm |
| 17:56 | Research | Scale Barding Armor |
| 18:05 | Build | House |
| 18:28 | Queue | Villager (Male) |
| 18:35 | Research | Gold Mining |
| 18:41 | Build | Stable |
| 19:10 | Queue | Villager (Male) |
| 19:15 | Build | Stable |
| 19:20 | Research | Forging |
| 19:41 | Research | Bloodlines |
| 19:41 | Research | Bloodlines |
| 19:50 | Build | Farm |
| 19:50 | Build | Farm |
| 20:08 | Queue | Unit 1944 |
| 20:08 | Queue | Unit 1944 |
| 20:15 | Build | Farm |
| 20:16 | Build | Farm |
| 20:17 | Queue | Villager (Male) |
| 20:31 | Build | Farm |
| 20:37 | Queue | Unit 1944 |
| 20:37 | Queue | Unit 1944 |
| 20:45 | Queue | Archer |
| 20:53 | Queue | Unit 1944 |
| 20:54 | Queue | Unit 1944 |
| 20:59 | Build | Farm |
| 21:02 | Queue | Villager (Male) |
| 21:17 | Research | Husbandry |
| 21:18 | Research | Husbandry |
| 21:30 | Queue | Villager (Male) |
| 21:32 | Build | Farm |
| 21:35 | Build | Farm |
| 21:36 | Queue | Villager (Male) |
| 21:45 | Queue | Unit 1944 |
| 21:55 | Queue | Villager (Male) |
| 22:13 | Queue | Villager (Male) |
| 22:21 | Queue | Unit 1944 |
| 22:21 | Queue | Unit 1944 |
Build order — [bK] milho
First 150 of 443 actions detected
| 0:00 | Queue | Villager (Male) |
| 0:00 | Queue | Villager (Male) |
| 0:02 | Build | House |
| 0:03 | Build | House |
| 0:15 | Queue | Villager (Male) |
| 0:15 | Queue | Villager (Male) |
| 1:33 | Queue | Villager (Male) |
| 2:10 | Queue | Villager (Male) |
| 2:22 | Queue | Villager (Male) |
| 2:39 | Build | House |
| 2:55 | Queue | Villager (Male) |
| 3:16 | Queue | Villager (Male) |
| 3:16 | Queue | Villager (Male) |
| 3:30 | Build | Barracks |
| 3:42 | Queue | Villager (Male) |
| 3:58 | Queue | Villager (Male) |
| 4:20 | Build | House |
| 4:27 | Queue | Militia |
| 4:37 | Queue | Villager (Male) |
| 4:42 | Queue | Militia |
| 4:42 | Queue | Militia |
| 5:01 | Queue | Villager (Male) |
| 5:33 | Queue | Villager (Male) |
| 5:51 | Build | Mill |
| 6:00 | Queue | Villager (Male) |
| 6:05 | Queue | Villager (Male) |
| 6:26 | Queue | Villager (Male) |
| 7:22 | Queue | Villager (Male) |
| 7:23 | Queue | Villager (Male) |
| 7:24 | Research | Loom |
| 7:47 | Build | Lumber Camp |
| 7:58 | Queue | Villager (Male) |
| 7:59 | Build | House |
| 8:14 | Build | Farm |
| 8:35 | Research | Feudal Age |
| 9:22 | Build | House |
| 9:24 | Build | Palisade Wall |
| 9:50 | Build | Palisade Gate |
| 10:09 | Build | Mill |
| 10:36 | Build | House |
| 10:42 | Build | House |
| 10:47 | Age | Feudal Age |
| 10:50 | Queue | Villager (Male) |
| 10:51 | Queue | Villager (Male) |
| 10:53 | Build | Archery Range |
| 10:55 | Research | Double-Bit Axe |
| 11:19 | Queue | Villager (Male) |
| 11:23 | Queue | Skirmisher |
| 11:38 | Queue | Skirmisher |
| 11:48 | Build | Palisade Gate |
| 11:53 | Build | House |
| 12:01 | Queue | Villager (Male) |
| 12:02 | Queue | Skirmisher |
| 12:08 | Build | House |
| 12:10 | Build | Farm |
| 12:13 | Queue | Villager (Male) |
| 12:31 | Build | Farm |
| 12:41 | Queue | Skirmisher |
| 12:49 | Queue | Villager (Male) |
| 12:51 | Queue | Skirmisher |
| 13:26 | Queue | Skirmisher |
| 13:29 | Build | Farm |
| 13:30 | Queue | Villager (Male) |
| 13:37 | Queue | Skirmisher |
| 13:44 | Queue | Villager (Male) |
| 13:57 | Queue | Skirmisher |
| 14:05 | Queue | Spearman |
| 14:06 | Queue | Villager (Male) |
| 14:23 | Queue | Villager (Male) |
| 14:27 | Build | Palisade Wall |
| 14:32 | Queue | Villager (Male) |
| 14:35 | Build | Mining Camp |
| 14:51 | Build | Palisade Wall |
| 14:54 | Queue | Spearman |
| 14:58 | Build | Farm |
| 15:13 | Queue | Villager (Male) |
| 15:23 | Build | Farm |
| 15:26 | Queue | Skirmisher |
| 15:37 | Build | House |
| 15:38 | Build | Palisade Wall |
| 15:40 | Build | Palisade Wall |
| 15:48 | Queue | Villager (Male) |
| 16:04 | Build | Farm |
| 16:05 | Build | Farm |
| 16:06 | Queue | Villager (Male) |
| 16:17 | Build | Farm |
| 16:24 | Queue | Archer |
| 16:26 | Queue | Villager (Male) |
| 16:38 | Queue | Archer |
| 16:39 | Queue | Villager (Male) |
| 16:58 | Build | Lumber Camp |
| 17:07 | Queue | Villager (Male) |
| 17:21 | Queue | Archer |
| 17:24 | Queue | Villager (Male) |
| 17:53 | Build | Blacksmith |
| 17:56 | Research | Wheelbarrow |
| 17:58 | Build | Farm |
| 18:02 | Build | Palisade Wall |
| 18:05 | Queue | Archer |
| 18:16 | Build | Palisade Wall |
| 18:24 | Build | Palisade Wall |
| 18:28 | Queue | Archer |
| 18:29 | Queue | Villager (Male) |
| 18:31 | Build | Farm |
| 18:32 | Build | Farm |
| 18:47 | Research | Fletching |
| 18:49 | Build | House |
| 18:53 | Queue | Skirmisher |
| 19:01 | Queue | Villager (Male) |
| 19:45 | Build | House |
| 19:57 | Build | Mining Camp |
| 20:22 | Research | Castle Age |
| 20:30 | Build | House |
| 20:31 | Build | House |
| 20:32 | Build | Palisade Wall |
| 20:53 | Research | Horse Collar |
| 20:58 | Build | House |
| 21:00 | Build | House |
| 21:21 | Research | Stone Mining |
| 21:23 | Build | Lumber Camp |
| 21:36 | Build | Farm |
| 21:40 | Build | Farm |
| 21:56 | Research | Gold Mining |
| 23:02 | Age | Castle Age |
| 23:08 | Build | Castle |
| 23:12 | Build | House |
| 23:14 | Build | House |
| 23:15 | Research | Bow Saw |
| 23:16 | Queue | Villager (Male) |
| 23:16 | Queue | Villager (Male) |
| 23:17 | Build | Farm |
| 23:23 | Research | Scale Mail Armor |
| 23:28 | Build | Farm |
| 23:29 | Build | Farm |
| 23:44 | Build | Farm |
| 23:46 | Build | Farm |
| 23:49 | Queue | Villager (Male) |
| 23:54 | Build | Palisade Wall |
| 23:55 | Build | Palisade Wall |
| 24:03 | Build | Farm |
| 24:06 | Build | House |
| 24:08 | Build | House |
| 24:11 | Queue | Unit 1959 |
| 24:11 | Queue | Unit 1959 |
| 24:12 | Queue | Unit 1959 |
| 24:12 | Queue | Unit 1959 |
| 24:29 | Queue | Unit 1959 |
| 24:46 | Queue | Villager (Male) |
| 24:47 | Queue | Villager (Male) |
| 25:01 | Queue | Unit 1959 |
Match timeline
| 3:30 | [bK] milho · first_building Barracks |
| 5:29 | Saturno 1343 · first_building Barracks |
| 6:52 | Saturno 1343 · wall_segment Palisade Wall x1 |
| 6:57 | Saturno 1343 · wall_segment Palisade Wall x1 |
| 9:24 | [bK] milho · wall_segment Palisade Wall x5 |
| 10:47 | [bK] milho · age_up feudal |
| 10:53 | [bK] milho · first_building Archery Range |
| 12:09 | Saturno 1343 · first_building Archery Range |
| 14:24 | Saturno 1343 · wall_segment Palisade Wall x1 |
| 14:27 | [bK] milho · wall_segment Palisade Wall x4 |
| 14:37 | Saturno 1343 · wall_segment Palisade Wall x6 |
| 14:45 | Saturno 1343 · wall_segment Palisade Wall x13 |
| 14:47 | Saturno 1343 · wall_segment Palisade Wall x8 |
| 14:51 | [bK] milho · wall_segment Palisade Wall x6 |
| 15:12 | Saturno 1343 · wall_segment Palisade Wall x9 |
| 15:29 | Saturno 1343 · wall_segment Palisade Wall x7 |
| 15:38 | [bK] milho · wall_segment Palisade Wall x2 |
| 15:40 | [bK] milho · wall_segment Palisade Wall x3 |
| 15:52 | Saturno 1343 · wall_segment Palisade Wall x8 |
| 15:57 | Saturno 1343 · wall_segment Palisade Wall x2 |
| 16:24 | Saturno 1343 · wall_segment Palisade Wall x17 |
| 17:30 | Saturno 1343 · wall_segment Palisade Wall x1 |
| 18:02 | [bK] milho · wall_segment Palisade Wall x1 |
| 18:16 | [bK] milho · wall_segment Palisade Wall x1 |
| 18:24 | [bK] milho · wall_segment Palisade Wall x1 |
| 18:41 | Saturno 1343 · first_building Stable |
| 20:32 | [bK] milho · wall_segment Palisade Wall x1 |
| 23:02 | [bK] milho · age_up castle |
| 23:08 | [bK] milho · first_building Castle |
| 23:19 | Saturno 1343 · first_building Siege Workshop |
| 23:54 | [bK] milho · wall_segment Palisade Wall x1 |
| 23:55 | [bK] milho · wall_segment Palisade Wall x1 |
| 26:42 | [bK] milho · first_market_buy 100 food |
| 29:46 | Saturno 1343 · first_building Monastery |
| 31:14 | Saturno 1343 · wall_segment Stone Wall x6 |
| 31:17 | [bK] milho · first_building Monastery |
| 31:20 | Saturno 1343 · wall_segment Stone Wall x4 |
| 31:26 | Saturno 1343 · wall_segment Stone Wall x3 |
| 31:28 | Saturno 1343 · wall_segment Stone Wall x3 |
| 31:31 | Saturno 1343 · wall_segment Stone Wall x2 |
| 31:35 | Saturno 1343 · wall_segment Stone Wall x2 |
| 31:37 | Saturno 1343 · wall_segment Palisade Wall x1 |
| 31:43 | Saturno 1343 · wall_segment Palisade Wall x1 |
| 32:02 | Saturno 1343 · wall_segment Stone Wall x1 |
| 32:04 | Saturno 1343 · wall_segment Stone Wall x1 |
| 32:06 | Saturno 1343 · wall_segment Stone Wall x1 |
| 33:37 | Saturno 1343 · first_market_buy 100 stone |
| 39:52 | Saturno 1343 · first_building Castle |
| 40:56 | [bK] milho · first_market_sell 100 stone |
| 44:10 | [bK] milho · first_building Siege Workshop |
| 44:19 | [bK] milho · age_up imperial |
| 47:19 | Saturno 1343 · first_market_sell 100 wood |
| 48:07 | [bK] milho · first_building Stable |
| 49:19 | Saturno 1343 · resign |
[ AI ANALYSIS · 1 CREDIT ]
What really happened in this match?
Wolo.gg analyzes every decision: build order, eco, micro, common mistakes by bracket. Personalized analysis on WhatsApp or Discord in 30 seconds.
Civ guide
Wu
Perfil
Jugador #24977465